 Dungeon Crawl Stone Soup version 0.31-a0-1611-g890cdf5 (webtiles) character file.

Game seed: 11136400158953591316

122 PidgeyThePirate the Chopper (level 4, 0/37 HPs)
             Began as a Demonspawn Chaos Knight on Jan 8, 2024.
             Was a Plaything of Xom.
             Slain by an endoplasm (2 damage)
             ... on level 2 of the Dungeon.
             The game lasted 00:02:52 (1302 turns).

PidgeyThePirate the Chopper (DsCK)                  Turns: 1302, Time: 00:02:53

Health: 0/37       AC: 11    Str: 14    XL:     4   Next: 78%
Magic:  4/4        EV:  0    Int: 13    God:    Xom [..*...]
Gold:   29         SH: 10    Dex: 12    Spells: 3/3 levels left

rFire   . . .        a - +0 hand axe (chaos)
rCold   . . .        n - +0 tower shield
rNeg    . . .        g - +0 plate armour
rPois   +            (helmet restricted)
rElec   .            (no cloak)
rCorr   .            (no gloves)
SInv    .            (no boots)
Will    .....        (no amulet) Stlth
                     e - ring of poison resistance
HPRegen 0.26/turn    (no ring)
MPRegen 0.09/turn

%: no passive effects
@: no status effects
A: horns 1
a: Renounce Religion


You were on level 2 of the Dungeon.
You worshipped Xom.
You were a toy of Xom.
You visited 1 branch of the dungeon, and saw 2 of its levels.

You collected 29 gold pieces.

Inventory:

Hand Weapons
 a - a +0 hand axe of chaos (weapon)
Armour
 b - a +2 leather armour
 f - a +0 chain mail
 g - a +0 plate armour (worn)
 n - a +0 tower shield (worn)
Jewellery
 e - a ring of poison resistance (left hand)
 i - a ring of wizardry
 j - a ring of ice
Scrolls
 c - a scroll of butterflies
 d - a scroll of identify {unknown}
 h - a scroll of immolation {unknown}
 k - 3 scrolls of blinking {unknown}
Potions
 l - a potion of brilliance {unknown}
 m - a potion of curing {unknown}


   Skills:
 + Level 3.6 Fighting
 * Level 4.2 Axes
 + Level 2.2 Armour
 + Level 1.1 Dodging
 + Level 0.4 Stealth
 + Level 0.5 Shields


You had 3 spell levels left.
You didn't know any spells.
Your spell library contained the following spells:

 Spells                   Type           Power      Damage    Failure   Level
 Cigotuvi's Dreadful Rot  Necr/Alch/Air  0%         N/A       100%        2
 Volatile Blastmotes      Fire/Tloc      0%         2d10      100%        3
 Passage of Golubria      Tloc           0%         N/A       100%        4


Dungeon Overview and Level Annotations

Branches:
Dungeon (2/15)

Altars:


Innate Abilities, Weirdness & Mutations

You have a pair of small horns on your head.


Message History

Robin hits you but does no damage.
You completely miss the goblin. You hit Robin. You freeze Robin.
A goblin comes into view. It is wielding a +0 club.
The goblin hits you with a +0 club.
* * * LOW HITPOINT WARNING * * *
The goblin hits you but does no damage. x2
Robin roars a battlecry!
The goblins go into a battle-frenzy!
You block the goblin's attack.
You closely miss the goblin. You headbutt the goblin.
You kill the goblin!
You hit Robin. You freeze Robin.
You kill Robin!
The goblin hits you but does no damage.
You hit the hobgoblin but do no damage. You hit the endoplasm.
The hobgoblin hits you but does no damage.
You block the goblin's attack. You block the endoplasm's attack. x2
You block the hobgoblin's attack. The goblin hits you but does no damage.
You hit the hobgoblin.
The hobgoblin looks weaker.
The hobgoblin is moderately wounded.
You hit the endoplasm. You burn the endoplasm. The hobgoblin hits you.
* * * LOW HITPOINT WARNING * * *
The endoplasm hits you but does no damage.
You block the goblin's attack.
You hit the hobgoblin. You burn the hobgoblin.
You kill the hobgoblin!
You hit the endoplasm but do no damage.
The goblin hits you from afar with a +0 spear.
* * * LOW HITPOINT WARNING * * *
You block the endoplasm's attack. The endoplasm freezes you.
You are frozen.
* * * LOW HITPOINT WARNING * * *
You block the goblin's attack. The goblin hits you but does no damage.
You slash the goblin! You burn the goblin.
You kill the goblin!
You barely miss the endoplasm. You block the goblin's attack.
The endoplasm hits you.
You die... "I guess I need a new plaything now."

.###. .. ....###
#g #.....##.
#....... #.##
#......
#.##.#.....####.#
#.....[.))g......
#.......J)#
#.###.###@# #.#
.#)####.# #.#
#.#.†..# # ##.##
#.#.###.#.
##.#.## #.#.# #.#
#.###.###.#.# #.#
##.#........##
#†# ##
##.#####....#
#.##.# #.#
#..#.###...#


You could see an endoplasm and a goblin (strong).

Vanquished Creatures
  A jelly (D:2)
  Robin (D:2)
  3 adders (D:2)
  2 dart slugs (D:1)
  A ribbon worm (D:2)
  3 endoplasms (D:1)
  4 giant cockroaches
  10 goblins
  7 hobgoblins
  4 jackals (D:1)
  A quokka (D:2)
  2 ball pythons (D:1)
  2 bats (D:1)
  4 frilled lizards (D:1)
  3 kobolds (D:1)
  A rat (D:1)
49 creatures vanquished.

Notes
Turn   | Place    | Note
-------+----------+-------------------------------------------
     0 | D:1      | PidgeyThePirate the Demonspawn Chaos Knight began the quest
                  | for the Orb.
     0 | D:1      | Reached XP level 1. HP: 18/18 MP: 1/1
   117 | D:1      | Got the Vellum of the Wind and Position
   230 | D:1      | Gained mutation: You have a pair of small horns on your
                  | head. [demonic ancestry]
   230 | D:1      | Reached XP level 2. HP: 19/24 MP: 2/2
   245 | D:1      | XOM: silly message
   339 | D:1      | Reached skill level 3 in Axes
   513 | D:1      | XOM: silly message
   521 | D:1      | Reached XP level 3. HP: 29/29 MP: 3/3
   632 | D:1      | Reached skill level 1 in Dodging
  1121 | D:2      | Reached XP level 4. HP: 35/37 MP: 4/4
  1279 | D:2      | Noticed Robin
  1290 | D:2      | Reached skill level 4 in Axes
  1298 | D:2      | Killed Robin
  1302 | D:2      | Slain by an endoplasm

Illustrated notes

Levels and vault maps discovered:
D:1:      sevenhm_arrival_forest_fort_large_3, layout_basic,
          hangedman_glass_teeth, kennysheep_decorative_pillar
D:2:      layout_loops_ring, serial_shops, nicolae_shop_dealshenge,
          dreamdust_princess_bridge, minmay_misc_feat_nine_boxes, uniq_robin,
          uniq_sigmund, uniq_jessica, uniq_crazy_yiuf_cottage

Skill      XL: |  1  2  3  4 |
---------------+-------------+-----
Axes           | 3 4 |  4.2
Dodging        | 1 |  1.1
Armour         | 2 |  2.2
Fighting       | |  3.6
Stealth        | |  0.4
Shields        | |  0.5

Action                     |  1- 3 |  4- 6 || total
---------------------------+-------+-------++-------
  Melee: Hand axe          |    87 |    38 ||   125
         Headbutt          |    15 |    10 ||    25
         Punch             |     1 |       ||     1
 Armour: Leather armour    |    29 |       ||    29
         Plate armour      |    36 |    74 ||   110
         Chain mail        |     4 |       ||     4
  Dodge: Dodged            |    46 |     1 ||    47
  Block: Tower shield      |       |    48 ||    48

Table legend: (Time is in decaauts)
 A = Elapsed time spent in this place.
 B = Non-inter-level travel time spent in this place.
 C = Inter-level travel time spent in this place.
 D = Time resting spent in this place.
 E = Time spent auto-exploring this place.
 F = Levels seen in this place.
 G = Mean time per level.
                   A        B        C        D        E       F      G
               +--------+--------+--------+--------+--------+-----+--------+
         Total |   1333 |   1318 |     15 |      0 |    905 |   2 |  666.5 |
       Dungeon |   1333 |   1318 |     15 |      0 |    905 |   2 |  666.5 |
               +--------+--------+--------+--------+--------+-----+--------+

Top non-repeatable levels by time:
     D:1: 1102 daAuts
     D:2: 231 daAuts
